 Dungeon Crawl Stone Soup version 0.31-a0-229-g1fc7ce93e2 (webtiles) character file.

Game seed: 11071831532702833028

8909 Maxmaps the Martial Artist (level 11, -8/81 HPs)
             Began as an Octopode Monk on July 6, 2023.
             Was an Initiate of Gozag.
             Mangled by Urug
             ... wielding a +4 eveningstar
              (27 damage)
             ... on level 10 of the Dungeon.
             The game lasted 00:16:34 (10035 turns).

Maxmaps the Martial Artist (Octopode Monk)         Turns: 10035, Time: 00:16:34

Health: -8/81      AC:  5    Str: 10    XL:     11   Next: 38%
Magic:  0/11       EV: 18    Int: 19    God:    Gozag
Gold:   221        SH:  0    Dex: 16    Spells: 10/10 levels left

rFire   + +          .
                       - Unarmed
rCold   + + .        b - orb {light}
rNeg    . . .        h - +4 hat of Zat Juc {rC+ Will+ Int+3 Stlth-}
rPois   +            e - amulet of guardian spirit
rElec   +            u - ring of protection from fire
rCorr   +            (no ring)
SInv    .            (no ring)
Will    +....        (no ring)
Stlth   +            (no ring)
HPRegen 0.33/turn    (no ring)
MPRegen 0.12/turn    (no ring)
                     (no ring)

%: guardian spirit
@: resistant, glowing, invisible (but backlit and visible)
A: almost no armour, amphibious, 8 rings, camouflage 1, gelatinous body 1,
(nimble swimmer 1), tentacles
a: Renounce Religion, Potion Petition, Call Merchant, Bribe Branch


You were on level 10 of the Dungeon.
You worshipped Gozag.
Gozag was aware of your devotion.
You visited 2 branches of the dungeon, and saw 11 of its levels.
You also visited: Ossuary and Bailey.

You collected 1828 gold pieces.
You spent 477 gold pieces at shops.
You paid 1130 gold pieces to Gozag.

Inventory:

Hand Weapons
 s - a +0 rapier of protection
Missiles
 F - a throwing net
Armour
 b - an orb of light (worn)
 h - the +4 hat of Zat Juc (worn) {rC+ Will+ Int+3 Stlth-}
   (You acquired it on level 4 of the Dungeon)

   Int:       It affects your intelligence (+3).
   rC:        It protects you from cold.
   Will:      It increases your willpower.
   Stlth:     It makes you less stealthy.
Jewellery
 e - an amulet of guardian spirit (around mantle)
 m - a +5 ring of evasion
 o - a +6 ring of strength
 u - a ring of protection from fire (left tentacle)
Wands
 w - a wand of acid (6)
Scrolls
 g - 3 scrolls of enchant weapon
 i - 3 scrolls of poison
 k - 3 scrolls of vulnerability
 l - 6 scrolls of amnesia
 n - 2 scrolls of silence
 p - 3 scrolls of identify
 q - a scroll of teleportation
 r - a scroll of fog
 y - a scroll of fear
 C - 2 scrolls of blinking
Potions
 a - 2 potions of ambrosia
 c - 2 potions of brilliance {unknown}
 d - 3 potions of might
 f - 3 potions of haste
 j - 2 potions of degeneration
 t - 2 potions of curing
 v - 2 potions of berserk rage {unknown}
 x - 3 potions of mutation
 z - a potion of attraction {unknown}
 A - 2 potions of resistance {unknown}


   Skills:
 - Level 10.0 Fighting
 + Level 9.5 Dodging
 - Level 12.0 Unarmed Combat


You had 10 spell levels left.
You didn't know any spells.
Your spell library contained the following spells:

 Spells                   Type           Power      Damage    Failure   Level
 Beastly Appendage        Tmut           0%         N/A       21%         1
 Foxfire                  Conj/Fire      0%         2x1d4     21%         1
 Wereblood                Tmut           0%         N/A       30%         2
 Hailstorm                Conj/Ice       0%         3d3       52%         3
 Spider Form              Tmut/Pois      0%         N/A       52%         3
 Ice Form                 Ice/Tmut       0%         N/A       90%         4
 Fireball                 Conj/Fire      0%         3d3       99%         5
 Plasma Beam              Fire/Air       0%         2x1d10    100%        6
 Starburst                Conj/Fire      0%         6d3       100%        6
 Malign Gateway           Summ/Tloc      0%         N/A       100%        7
 Summon Horrible Things   Summ           0%         N/A       100%        8
 Chain Lightning          Conj/Air       0%         N/A       100%        9
 Fire Storm               Conj/Fire      0%         5d1       100%        9
 Shatter                  Erth           0%         3d5*      100%        9
 Simulacrum               Ice/Necr       Unusable   N/A       N/A         6

Dungeon Overview and Level Annotations

Branches:
Dungeon (10/15)            Temple (1/1) D:7            Lair (0/5) D:9
Ossuary (visited)          Bailey (visited)
    Orc: D:9-12

Altars:
Ashenzari
Cheibriados
Dithmenos
Elyvilon
Fedhas
Gozag
Hepliaklqana
Kikubaaqudgha
Makhleb
Nemelex Xobeh
Okawaru
Qazlal
Ru
Sif Muna
Trog
Uskayaw
Vehumet
Wu Jian
Xom
Yredelemnul
Zin
The Shining One

Shops:
D:4 (*[[   D:5 !(*([

Annotations:
D:10 Urug


Innate Abilities, Weirdness & Mutations

You cannot wear most types of armour.
You are amphibious.
You can wear up to eight rings at the same time.
Your skin changes colour to match your surroundings (Stealth+).
Your rubbery body absorbs attacks. (AC +1, EV +1)
((You are camouflaged when in or above water. (Stealth+)))
You have tentacles for arms and can constrict up to eight enemies at once.


Message History

You no longer have enough gold to fund merchants seeking to open stores in the dungeon.
You feel protected.
You become transparent, but the glow from your halo prevents you from becoming completely invisible.
You feel much better. Magic courses through your body.
You constrict Urug. Urug hits you with a +4 eveningstar!!
* * * LOW HITPOINT WARNING * * *
Unknown command.
You feel better.
You constrict Urug, but do no damage. Urug misses you.
You bludgeon Urug!
Urug is moderately wounded.
You constrict Urug. Urug hits you with a +4 eveningstar!!
* * * LOW HITPOINT WARNING * * *
Unknown command.
Okay, then. [a] - 528 gold - resistance, might and haste [b] - 400 gold - haste and resistance [c] - 200 gold - heal wounds and curing Purchase which effect?
You no longer have enough gold to petition Gozag for potion effects.
You feel much better.
You feel better.
You constrict Urug. Urug closely misses you.
You tentacle-slap Urug. You squeeze Urug!
Urug is heavily wounded.
You constrict Urug. Urug hits you with a +4 eveningstar!
* * * LOW HITPOINT WARNING * * *
You bludgeon Urug! You squeeze Urug, but do no damage.
Urug is severely wounded.
You constrict Urug. You bludgeon Urug! You tentacle-slap Urug.
Urug is almost dead.
You constrict Urug. Urug misses you.
You tentacle-slap Urug. You squeeze Urug, but do no damage.
Urug is almost dead.
You constrict Urug. Urug barely misses you.
You tentacle-slap Urug but do no damage.
You tentacle-slap Urug.
Urug is almost dead.
You constrict Urug. Urug hits you with a +4 eveningstar!!
You die...
Your body crumbles into a pile of gold.

#.....# #.# #.....# #.#
#.....# #.#
#.....#######.#
#.............##+##
#..................
######..#######.........
........# #...<)....
.......@# #..)))....
.......o# #....#####
######..# #....# #..#
#....# #..# #....# #..#
#....# #... ...... ....
.......


You could see Urug.

Vanquished Creatures
  Pikel (D:6)
  2 orc knights (Bailey)
  A cyclops (D:9)
  A troll (D:9)
  A hornet (D:8)
  5 yaks (D:9)
  A vampire (D:9)
  4 vampire mosquitoes (D:7)
  A water moccasin (D:6)
  An acid dragon (D:9)
  6 orc warriors
  5 black bears
  An ice beast (D:4)
  4 sky beasts
  A centaur (D:9)
  An ogre (D:5)
  2 lemures (D:6)
  2 phantoms
  4 bullfrogs
  2 kobold brigands
  3 scorpions
  3 gnoll sergeants (D:9)
  11 wights
  16 killer bees
  3 howler monkeys
  3 hounds (D:5)
  3 jellies
  5 orc priests
  2 gnoll boudas (D:7)
  3 sleepcaps
  3 iguanas (D:6)
  13 orc wizards
  A mummy (Ossuary)
  11 gnolls
  8 adders
  A shadow imp (D:8)
  4 white imps
  An ufetubus (D:5)
  A worm (D:2)
  2 dart slugs (D:2)
  51 orcs
  4 spectral bats (Ossuary)
  2 bats (D:2)
  12 endoplasms
  4 giant cockroaches
  12 gnoll zombies (Ossuary)
  10 hobgoblins
  3 jackals (D:5)
  3 quokkas
  5 ball pythons
  2 bat simulacra (Ossuary)
  A frilled lizard (D:1)
  11 goblins
  7 goblin simulacra (Ossuary)
  5 goblin zombies (Ossuary)
  7 hobgoblin zombies (Ossuary)
  25 kobolds
  2 kobold zombies (Ossuary)
  4 orc zombies (Ossuary)
  3 rats
  5 rat simulacra (Ossuary)
  3 spectral goblins (Ossuary)
  3 spectral kobolds (Ossuary)
  3 spectral rats (Ossuary)
330 creatures vanquished.

Notes
Turn   | Place    | Note
-------+----------+-------------------------------------------
     0 | D:1      | Maxmaps the Octopode Monk began the quest for the Orb.
     0 | D:1      | Reached XP level 1. HP: 16/16 MP: 1/1
   280 | D:1      | Reached XP level 2. HP: 12/21 MP: 2/2
   566 | D:2      | Found a faded altar of an unknown god.
   687 | D:2      | Reached skill level 4 in Unarmed Combat
   687 | D:2      | Reached XP level 3. HP: 26/26 MP: 3/3
   913 | D:2      | Reached XP level 4. HP: 28/31 MP: 4/4
  1221 | D:3      | Reached skill level 5 in Unarmed Combat
  1497 | D:3      | Found a shimmering altar of Xom.
  1498 | D:3      | Found an iron altar of Okawaru.
  1877 | D:3      | HP: 1/31 [poisoned by an adder]
  2003 | D:3      | Reached XP level 5. HP: 26/36 MP: 3/5
  2183 | D:4      | Found a hazy altar of Hepliaklqana.
  2187 | D:4      | Noticed a sky beast
  2201 | D:4      | Killed a sky beast
  2202 | D:4      | Reached skill level 6 in Unarmed Combat
  2202 | D:4      | Reached XP level 6. HP: 34/42 MP: 4/6
  2314 | D:4      | Reached skill level 7 in Unarmed Combat
  2426 | D:4      | Found Bik Ruech's Antique Armour Emporium.
  2503 | D:4      | Found Satec's Assorted Antiques.
  2512 | D:4      | Bought a scroll labelled ATUGAS SOPEI for 27 gold pieces
  2572 | D:4      | Bought a scroll labelled KUJINE QELLIETUERCH for 27 gold
                  | pieces
  2572 | D:4      | Bought a scroll labelled LITEAM XIEL for 27 gold pieces
  2573 | D:4      | Acquired the +4 hat of Zat Juc {rC+ Will+ Int+3 Stlth-}
  2593 | D:4      | Found a sacrificial altar of Ru.
  2600 | D:4      | Noticed an ice beast
  2616 | D:4      | Killed an ice beast
  2660 | D:4      | Found a faded altar of an unknown god.
  2660 | D:4      | Found the Hermit's Pendant {Faith Invo=14 Evo=0 MP+5}
  2724 | D:4      | Found Bourime's Antique Weapon Emporium.
  2779 | D:4      | Found Ratiale's Antique Armour Shop.
  2792 | D:4      | Reached XP level 7. HP: 46/46 MP: 7/7
  2950 | D:5      | Entered Level 5 of the Dungeon
  3047 | D:5      | Found Bastrangy's General Store.
  3049 | D:5      | Found Ysiur's Antique Weapon Shoppe.
  3054 | D:5      | Reached skill level 8 in Unarmed Combat
  3171 | D:5      | Found Egauphon's Distillery.
  3177 | D:5      | Bought a potion of curing for 42 gold pieces
  3228 | D:5      | Found Wahebeotz's Antique Weapon Boutique.
  3240 | D:5      | Reached skill level 9 in Unarmed Combat
  3250 | D:5      | Found Dupnuec's Antique Armour Shop.
  3255 | D:5      | Reached XP level 8. HP: 52/52 MP: 8/8
  3646 | D:6      | Reached skill level 10 in Unarmed Combat
  3765 | D:6      | Noticed Pikel
  3789 | D:6      | Killed Pikel
  3790 | D:6      | Reached skill level 11 in Unarmed Combat
  3790 | D:6      | Reached XP level 9. HP: 39/56 MP: 7/9
  3911 | D:6      | Reached skill level 12 in Unarmed Combat
  4369 | D:7      | Reached skill level 5 in Fighting
  4466 | D:7      | Found a staircase to the Ecumenical Temple.
  4475 | Temple   | Entered the Ecumenical Temple
  4628 | Temple   | Became a worshipper of Gozag Ym Sagoz the Greedy
  4777 | D:7      | Found a sand-covered staircase.
  4786 | Ossuary  | Entered an ossuary
  5380 | D:5      | Bought a potion of heal wounds for 70 gold pieces
  5412 | D:5      | Bought a scroll of fear for 60 gold pieces
  5412 | D:5      | Bought a scroll of blinking for 112 gold pieces
  5412 | D:5      | Bought a scroll of revelation for 112 gold pieces
  5511 | D:7      | Reached XP level 10. HP: 55/72 MP: 6/10
  6333 | D:8      | Found a flagged portal.
  6373 | Bailey   | Entered a bailey
  6383 | Bailey   | Reached skill level 10 in Fighting
  6745 | Bailey   | Noticed an orc knight
  6783 | Bailey   | Killed an orc knight
  7071 | Bailey   | Identified the +1 plate armour of Grace {Rampage rElec
                  | Int-5}
  7096 | Bailey   | Reached skill level 5 in Dodging
  7179 | Bailey   | Noticed an orc knight
  7189 | Bailey   | Killed an orc knight
  7350 | D:8      | Found a hide-covered altar of Uskayaw.
  7958 | D:8      | Found a shimmering blue altar of Sif Muna.
  8012 | D:9      | Found a staircase to the Lair.
  8038 | D:9      | Identified the +8 mace of Bekyagg {speed, rCorr}
  8249 | D:9      | Reached XP level 11. HP: 81/81 MP: 11/11
  8639 | D:9      | Noticed a two-headed ogre
  9510 | D:9      | Noticed a cyclops
  9561 | D:9      | Killed a cyclops
  9969 | D:10     | Entered Level 10 of the Dungeon
 10021 | D:10     | Noticed Urug
 10035 | D:10     | Mangled by Urug

Illustrated notes

Levels and vault maps discovered:
D:1:      roderic_dead_forest, layout_basic
D:2:      minmay_general_purpose_star, layout_rooms, nicolae_ecumenical_pavilion
D:3:      layout_loops_ring, chequers_temple_overflow_statue_of_worship
D:4:      layout_rooms, mainiacjoe_overflow_catwalk,
          nicolae_ru_great_annihilating_truth, serial_shops, shop, shop,
          shop_statue, nicolae_shop_crystal, hellmonk_guarded_unrand_hermit
D:5:      layout_rooms, serial_shops, shop, nicolae_shop_scrapyard, shop,
          nicolae_shop_tiny_glass, shop
D:6:      layout_cave_pools, minmay_unpleasant_kobolds, uniq_pikel
D:7:      layout_basic, minmay_temple_entry_proselytizer, enter_ossuary_2
D:8:      layout_basic, kennysheep_mini, amcnicky_altar_gilded, enter_bailey_3
D:9:      minmay_recursive_quarters, layout_irregular_city,
          nicolae_concentric_dashed_squares_wild, kennysheep_small_spiral,
          hangedman_decor_clover_reticule, eino_jars
D:10:     layout_irregular_city, serial_shops, nicolae_lakefront_shop, uniq_urug
Temple:   minmay_temple_bridge_d

Skill      XL: |  1  2  3  4  5  6  7  8  9 10 11 |
---------------+----------------------------------+-----
Unarmed Combat | 4 5 6 7 9 11 12 | 12.0
Fighting       | 8 10 | 10.0
Dodging        | 7 9 |  9.5

Action                     |  1- 3 |  4- 6 |  7- 9 | 10-12 || total
---------------------------+-------+-------+-------+-------++-------
  Melee: Unarmed           |    51 |    97 |   303 |   302 ||   753
         Tentacles         |    17 |    22 |    70 |    74 ||   183
         Constrict         |    16 |    22 |    80 |    64 ||   182
         Punch             |     2 |     8 |    30 |    35 ||    75
 Invoke: Potion Petition   |       |       |       |     2 ||     2
    Use: Scroll            |       |    13 |     4 |     5 ||    22
         Potion            |       |       |     2 |     8 ||    10
   Stab: Sleeping          |     1 |     1 |       |       ||     2
         Paralysed         |       |     1 |       |       ||     1
 Armour: Skin              |     3 |     9 |    57 |    43 ||   112
  Dodge: Dodged            |    13 |    66 |   154 |   184 ||   417

Table legend: (Time is in decaauts)
 A = Elapsed time spent in this place.
 B = Non-inter-level travel time spent in this place.
 C = Inter-level travel time spent in this place.
 D = Time resting spent in this place.
 E = Time spent auto-exploring this place.
 F = Levels seen in this place.
 G = Mean time per level.
                   A        B        C        D        E       F      G
               +--------+--------+--------+--------+--------+-----+--------+
         Total |   9885 |   9357 |    528 |   1655 |   5720 |  13 |  760.4 |
       Dungeon |   8240 |   7819 |    421 |   1197 |   4971 |  10 |  824.0 |
        Temple |    228 |    121 |    107 |      0 |    115 |   1 |  228.0 |
       Ossuary |    485 |    485 |      0 |     94 |    266 |   1 |  485.0 |
        Bailey |    929 |    929 |      0 |    364 |    368 |   1 |  929.0 |
               +--------+--------+--------+--------+--------+-----+--------+

Top non-repeatable levels by time:
     D:9: 1828 daAuts
     D:8: 1042 daAuts
     D:7: 952 daAuts
  Bailey: 929 daAuts
     D:4: 908 daAuts
     D:3: 819 daAuts
     D:6: 738 daAuts
     D:5: 679 daAuts
     D:2: 643 daAuts
     D:1: 565 daAuts
 Ossuary: 485 daAuts
  Temple: 228 daAuts
    D:10: 63 daAuts
